[Event "Live Chess"]
[Site "Chess.com"]
[Date "2024.06.02"]
[Round "-"]
[White "AlexanderMatlak"]
[Black "bill77678"]
[Result "1-0"]
[WhiteElo "2412"]
[BlackElo "1845"]
[TimeControl "300"]
[EndTime "2:44:52 PDT"]
[Termination "AlexanderMatlak won by resignation"]

1. c4 e6 2. Nf3 d5 3. g3 Nf6 4.
Bg2 Nbd7 5. O-O Bd6 6. b3 O-O 7. Bb2 b6 8. e3 Bb7 9. d3 dxc4 10. bxc4 c5 11. Nbd2 Qc7 12. Qc2 Rad8 13. a4 a5 14. Rab1 Rb8 15. Rfd1 Bc6 16. Bc3 Ng4 17.
Qb2 Nge5 18. Nxe5 Bxe5 19. Bxc6 Bxc3 20. Qxc3 Qxc6 21. Rb5 Rfd8 22. Ne4 Qc7 23. Rdb1 Ne5 24. d4 cxd4 25. exd4 Nc6 26. d5 Nb4 27. d6 Qc6 28.
Rg5 1-0

[Event "Live Chess"]
[Site "Chess.com"]
[Date "2024.06.02"]
[Round "-"]
[White "booktrunk"]
[Black "Purple1szed"]
[Result "0-1"]
[WhiteElo "1508"]
[BlackElo "2073"]
[TimeControl "300"]
[EndTime "2:44:57 PDT"]
[Termination "Purple1szed won by resignation"]

1. d4 d5 2. Nc3 Nf6 3. Bf4 a6 4.
e3 b5 5. h3 h6 6. a3 e6 7. Nf3 c5 8. dxc5 Bxc5 9. Bh2 Bb7 10.
Be2 Nbd7 11. O-O O-O 12. b4 Be7 13. Nd4 Re8 14. a4 Bxb4 15. Na2 Bf8 16. axb5 axb5 17.
Nxb5 Rc8 18. Nd6 Bxd6 19. Bxd6 Nb6 20. Bh2 Nc4 21. Nb4 Ne4 22. Bxc4 dxc4 23. Qxd8 Rexd8 24. Rac1 f6 25. f3 Nd2 26. Rfd1 c3 27. Kf2 Rc4 28. Nd3 Ba6 29. Ke1 e5 30. e4 Rc7 31. f4 Bxd3 32. cxd3 Rxd3 33. fxe5 fxe5 34. Bxe5 Rcd7 35. Kf2 Nxe4+ 36.
Ke2 Rd2+ 37. Rxd2 cxd2 38. Rd1 Kf7 39. Bf4 Nc3+ 0-1

[Event "Live Chess"]
[Site "Chess.com"]
[Date "2024.06.02"]
[Round "-"]
[White "nitrofish07"]
[Black "Mikhail_Golubev"]
[Result "0-1"]
[WhiteElo "2077"]
[BlackElo "2512"]
[TimeControl "300"]
[EndTime "2:45:04 PDT"]
[Termination "Mikhail_Golubev won by resignation"]

1. d4 Nf6 2. c4 d6 3. Nc3 g6 4.
e4 Bg7 5. h3 O-O 6. Be3 Nc6 7.
Qd2 e5 8. d5 Nd4 9. Nge2 c5 10.
dxc6 bxc6 11. Nxd4 exd4 12. Bxd4 Re8 13. f3 d5 14. cxd5 cxd5 15. Bxf6 Bxf6 16. Nxd5 Bh4+ 17. Kd1 Bg5 18. Qc3 Be6 19. Bc4 Rc8 20. Qd3 Qa5 21. b3 Bxd5 22. exd5 Re3 23. Qd2 Qxd2+ 24. Kxd2 Rxb3+ 25. Kd1 Rb2 26. Bb3 Rxg2 27. h4 Bf4 28. h5 Rd2+ 29.
Ke1 Re8+ 30. Kf1 Ree2 31. Bc4 Rf2+ 32. Ke1 Bg3 33. Rg1 Rg2+ 34. Kf1 Rdf2+ 35. Ke1 Rxg1+ 0-1

[Event "Live Chess"]
[Site "Chess.com"]
[Date "2024.06.02"]
[Round "-"]
[White "jk0110"]
[Black "JanMur7"]
[Result "0-1"]
[WhiteElo "1235"]
[BlackElo "2278"]
[TimeControl "300"]
[EndTime "2:45:19 PDT"]
[Termination "JanMur7 won by resignation"]

1. e4 g6 2. d4 Bg7 3. Nf3 c5 4. Bc4 cxd4 5. c3 dxc3 6. Nxc3 Nc6 7. Bf4 Nf6 8. Nb5 d6 9. O-O O-O 10. Rc1 a6 11. Nbd4 Nxd4 12. Nxd4 e5 0-1

[Event "Live Chess"]
[Site "Chess.com"]
[Date "2024.06.02"]
[Round "-"]
[White "TheSmoulderingMaster"]
[Black "upoe610"]
[Result "0-1"]
[WhiteElo "1780"]
[BlackElo "2147"]
[TimeControl "300"]
[EndTime "2:45:22 PDT"]
[Termination "upoe610 won by resignation"]

1. e4 e5 2. Nf3 Nc6 3. Bb5 a6 4. Ba4 Nf6 5. O-O Be7 6. d4 b5 7. dxe5 bxa4 8. exf6 Bxf6 9. e5 Be7 10. Nc3 a3 11. bxa3 O-O 12. Nd5 Bb7 13. Bf4 Bc5 14.
e6 fxe6 15. Nxc7 Rxf4 16. Nxa8 Bxa8 17. Qd2 Rxf3 18. gxf3 Nd4 19. Qc3 0-1

[Event "Live Chess"]
[Site "Chess.com"]
[Date "2024.06.02"]
[Round "-"]
[White "seasidecastle27"]
[Black "chess5013"]
[Result "1-0"]
[WhiteElo "1909"]
[BlackElo "1300"]
[TimeControl "300"]
[EndTime "2:45:28 PDT"]
[Termination "seasidecastle27 won by checkmate"]

1. d4 d5 2. Nf3 Nf6 3. Bf4 c5 4. e3 cxd4 5. exd4 Nc6 6. c3 Bf5 7. Bd3 Bxd3 8. Qxd3 e6 9. Nbd2 Bd6 10. Bxd6 Qxd6 11.
O-O O-O 12. Rfe1 Rfe8 13. Ne5 Nd7 14. f4 Ndxe5 15. fxe5 Qe7 16. Rf1 Qg5 17. Rf3 Re7 18. Raf1 Rf8 19. Rg3 Qh6 20. Rff3 f6 21. exf6 Rxf6 22.
Rxf6 Qxf6 23. Rh3 g6 24. Rf3 Qg5 25. Qe2 Rf7 26. Qxe6 Nd8 27. Qe8+ Kg7 28. Qe5+ Qxe5 29. dxe5 Nc6 30. e6 Rxf3 31. Nxf3 Kf6 32. Kf2 h6 33.
Ke3 Kxe6 34. Nd4+ Nxd4 35. Kxd4 Kd6 36. g4 g5 37. b4 b6 38. b5 Ke6 39. a4 Kd6 40. h3 Ke6 41. c4 dxc4 42. Kxc4 Kd7 43. Kd5 Kc7 44. Ke6 Kc8 45. Kf7 Kd7 46. Kg6 Kd6 47.
Kxh6 Kc5 48. Kxg5 Kb4 49. h4 Kxa4 50. h5 Kxb5 51. h6 a5 52. h7 a4 53. h8=Q a3 54.
Qc3 Ka4 55. Kf5 b5 56. g5 b4 57. Qc4 a2 58. Qxa2+ Kb5 59. g6 Kb6 60. g7 Kc7 61.
g8=Q b3 62. Qaxb3 Kd7 63. Qb7+ Kd6 64. Qe6+ Kc5 65. Qec6+ Kd4 66. Qbd7+ Ke3 67. Qce6+ Kf2 68. Qd3 Kg2 69. Qee2+ Kh1 70. Qdd1# 1-0

[Event "Live Chess"]
[Site "Chess.com"]
[Date "2024.06.02"]
[Round "-"]
[White "MasterCaptainHaddock"]
[Black "MagnersCarlsberg2870"]
[Result "1/2-1/2"]
[WhiteElo "1816"]
[BlackElo "1808"]
[TimeControl "300"]
[EndTime "2:45:43 PDT"]
[Termination "Game drawn by agreement"]

1. e4 e5 2. Nf3 Nf6 3. Bc4 Nc6 4. d3 Bc5 5. c3 d6 6. h3 h6 7. a4 a5 8. Nbd2 Be6 9. Bxe6 fxe6 10. Qb3 Qd7 11.
Nf1 Rb8 12. Ng3 O-O 13. O-O d5 14. exd5 exd5 15. Re1 Rfe8 16. Qc2 Ba7 17. Be3 Bxe3 18. fxe3 e4 19. dxe4 dxe4 20. Rad1 Qf7 21. Nd4 1/2-1/2

[Event "Live Chess"]
[Site "Chess.com"]
[Date "2024.06.02"]
[Round "-"]
[White "AlanBstard10"]
[Black "Tatarinov_Maxim"]
[Result "0-1"]
[WhiteElo "1233"]
[BlackElo "2298"]
[TimeControl "300"]
[EndTime "2:46:11 PDT"]
[Termination "Tatarinov_Maxim won by resignation"]

1. d4 Nf6 2. Bg5 Ne4 3. h4 Nxg5 4. hxg5 e6 5. Nf3 c5 6. c3 cxd4 7. cxd4 Qb6 8. b3 Bb4+ 9. Nbd2 Nc6 10. e3 d5 11. Be2 Bd7 12. Rc1 Rc8 13. O-O Ne7 14. Rxc8+ Nxc8 15. Ne5 Bb5 16. Bxb5+ Qxb5 17. Ndf3 O-O 18.
Kh2 Be7 19. Kg3 Nd6 20. Rh1 Ne4+ 21. Kh2 Nxf2 22. Qf1 Qxf1 23. Rxf1 Ne4 24. Rd1 Rc8 25. Nd2 Nxd2 26. Rxd2 Bxg5 27. Nf3 Bxe3 28. Re2 Bf4+ 29. g3 Bd6 30. Ng5 h6 31. Nf3 Kf8 32. Nd2 Rc2 33. Kg2 Bb4 34. Kf3 Rxd2 0-1

[Event "Live Chess"]
[Site "Chess.com"]
[Date "2024.06.02"]
[Round "-"]
[White "Brooms1989"]
[Black "uselessduffer"]
[Result "0-1"]
[WhiteElo "1187"]
[BlackElo "2389"]
[TimeControl "300"]
[EndTime "2:46:19 PDT"]
[Termination "uselessduffer won by resignation"]

1. e4 c5 2. Be2 Nc6 3. d3 g6 4. f4 Bg7 5. Nf3 d5 6. O-O Nf6 7. e5 Ng4 8. h3 Nh6 9. Qe1 O-O 10. Qh4 Nf5 11. Qf2 f6 12. g4 Nfd4 13. Nxd4 Nxd4 14. Na3 fxe5 15. c3 Nxe2+ 16. Qxe2 Qd6 17. fxe5 Rxf1+ 18. Qxf1 Qxe5 19. Nc2 Qg3+ 20. Kh1 Be5 21. Qe2 Qxh3+ 0-1

[Event "Live Chess"]
[Site "Chess.com"]
[Date "2024.06.02"]
[Round "-"]
[White "Frankie_Badacsonyi"]
[Black "Crowded_House"]
[Result "1-0"]
[WhiteElo "2408"]
[BlackElo "1673"]
[TimeControl "300"]
[EndTime "2:46:42 PDT"]
[Termination "Frankie_Badacsonyi won by resignation"]

1. e4 e6 2. d4 d5 3. Nd2 dxe4 4.
Nxe4 Bd7 5. Ne2 Bc6 6. N2g3 Nd7 7.
c3 Ngf6 8. Bd3 Nxe4 9. Nxe4 Nf6 10. Qe2 Nxe4 11. Bxe4 Bxe4 12. Qxe4 c6 13. O-O Qd5 14. Qe2 Bd6 15. Be3 O-O 16. a4 Rfc8 17.
Rfd1 Qf5 18. Qd3 Qxd3 19. Rxd3 Rd8 20. Rad1 Be7 21. Kf1 Bf6 22. Ke2 Rd7 23. f4 a6 24.
g3 Rad8 25. R3d2 g6 26. Kf3 h5 27. h3 Kg7 28. Ke2 b5 29. axb5 cxb5 30. Ra1 Rd6 31. Rdd1 Rc8 32. Ra2 Rcc6 33. Kd3 Bd8 34. Raa1 f6 35. g4 hxg4 36. hxg4 Bc7 37. Ke2 Rd8 38. Rh1 Rh8 39. Rxh8 Kxh8 40. Rh1+ Kg7 41. Kd3 Rd6 42. Ke2 e5 43. dxe5 fxe5 44. f5 gxf5 45. gxf5 Rf6 46. Rf1 Bb6 47. Bd2 Bc5 48. Bc1 Bb6 49.
Kd3 Bc5 50. Ke4 Be7 51. Kxe5 Bd6+ 52. Ke4 a5 53. Be3 b4 54. Bd4 1-0

[Event "Live Chess"]
[Site "Chess.com"]
[Date "2024.06.02"]
[Round "-"]
[White "StoreySniper"]
[Black "CarmelJane"]
[Result "1-0"]
[WhiteElo "2522"]
[BlackElo "2057"]
[TimeControl "300"]
[EndTime "2:46:44 PDT"]
[Termination "StoreySniper won by checkmate"]

1. e4 c5 2. Nf3 e6 3. d4 cxd4 4. Nxd4 Nf6 5. Nc3 Nc6 6. Ndb5 Bc5 7. Nd6+ Ke7 8. Nxc8+ Qxc8 9. Bd3 a6 10. O-O Rd8 11. Kh1 Kf8 12. Bg5 Be7 13. f4 h6 14.
Bxf6 Bxf6 15. e5 Be7 16. Qh5 d5 17. Rae1 Nd4 18. Ne2 Nf5 19. Qh3 d4 20. Bxf5 exf5 21.
Qd3 Qc5 22. Qxf5 Rac8 23. Qh7 Bh4 24. Ng3 Bxg3 25. hxg3 Qxc2 26. f5 d3 27. f6 d2 28.
Qh8# 1-0

[Event "Live Chess"]
[Site "Chess.com"]
[Date "2024.06.02"]
[Round "-"]
[White "wadsy27"]
[Black "NeilDruggan73"]
[Result "1-0"]
[WhiteElo "2570"]
[BlackElo "1695"]
[TimeControl "300"]
[EndTime "2:46:47 PDT"]
[Termination "wadsy27 won by resignation"]

1. c4 Nf6 2. g3 g6 3. Bg2 Bg7 4. Nc3 Nc6 5. e4 Rb8 6. Nge2 e6 7. d4 d6 8. O-O O-O 9. Be3 e5 10. d5 Ne7 11. h3 b6 12. b4 a6 13. a4 Nh5 14. c5 f5 15. cxd6 Qxd6 16. exf5 gxf5 17.
g4 fxg4 18. Ne4 Qg6 19. h4 Bb7 20. N2g3 Rbd8 21. d6 cxd6 22. Bxb6 Rd7 23. b5 Nxg3 24. Nxg3 Bxg2 25. Kxg2 d5 26. Bc5 Nf5 27. Nxf5 Rxf5 28.
bxa6 e4 29. a7 Qa6 30. Rb1 Rxa7 31. Qxg4 Kh8 32. Qxf5 1-0

[Event "Live Chess"]
[Site "Chess.com"]
[Date "2024.06.02"]
[Round "-"]
[White "grillage"]
[Black "vincents82"]
[Result "0-1"]
[WhiteElo "1859"]
[BlackElo "1990"]
[TimeControl "300"]
[EndTime "2:46:58 PDT"]
[Termination "vincents82 won by resignation"]

1. d4 d5 2. Nf3 Nf6 3. c4 c6 4.
Qc2 dxc4 5. Qxc4 Bf5 6. Nc3 e6 7. g3 Nbd7 8. Bg2 Be7 9. O-O O-O 10. Re1 Ne4 11. Qb3 Qb6 12. Qxb6 axb6 13. Nd2 Nxc3 14. bxc3 b5 15. e4 Bg6 16. Nf3 Nf6 17. Ne5 Ba3 18. Nxg6 hxg6 19. Bf4 Bb2 20. Rab1 Bxc3 21. Re2 Bxd4 22. h4 e5 23. Bg5 Nd7 24.
Rd2 Ra3 25. Be7 Rfa8 26. Bxa3 Rxa3 27. Kh2 Nb6 28. f4 Nc4 29. Rdd1 Rxa2 30. fxe5 Nxe5 31. Kh3 Ra4 32. Rd2 Nd7 33. Rbd1 c5 34. e5 Nxe5 35. Bxb7 Ra7 36. Bd5 Rd7 37. Ba2 Nf3 38. Re2 Ng1+ 0-1

[Event "Live Chess"]
[Site "Chess.com"]
[Date "2024.06.02"]
[Round "-"]
[White "blunderabit"]
[Black "Thebigsqueeze"]
[Result "0-1"]
[WhiteElo "1754"]
[BlackElo "2284"]
[TimeControl "300"]
[EndTime "2:47:00 PDT"]
[Termination "Thebigsqueeze won by resignation"]

1. e4 e6 2. d4 d5 3. Bd3 c5 4. c3 Nc6 5. Nf3 Nf6 6. e5 Nd7 7. dxc5 Bxc5 8. Bf4 f6 9. exf6 Qxf6 10. Bg5 Qf7 11.
O-O e5 12. Bb5 e4 13. Nd4 Nde5 14. Nd2 O-O 15. N2b3 Bd6 16. Bh4 Bg4 17. Qd2 a6 18. Be2 Rae8 19. Bg3 Bxe2 20. Nxe2 Bb8 21. Rad1 Nd3 22.
Nbc1 Bxg3 23. fxg3 Qe7 24. Nxd3 Rxf1+ 25. Rxf1 exd3 26.
Nf4 Qc5+ 27. Kh1 Qc4 28. Qxd3 Qxd3 29. Nxd3 Re2 30. h3 Rd2 31. Rf3 d4 32. cxd4 Nxd4 33.
Re3 Nf5 34. Kh2 Nxe3 0-1

[Event "Live Chess"]
[Site "Chess.com"]
[Date "2024.06.02"]
[Round "-"]
[White "WorcesterYork"]
[Black "GoldsmanB"]
[Result "1-0"]
[WhiteElo "2476"]
[BlackElo "1102"]
[TimeControl "300"]
[EndTime "2:47:28 PDT"]
[Termination "WorcesterYork won by checkmate"]

1. d4 Nf6 2. Bg5 d5 3. Nd2 Nc6 4. e3 e6 5. Ngf3 Be7 6. c3 Ne4 7. Bxe7 Qxe7 8. Nxe4 dxe4 9. Nd2 f5 10. Bb5 Bd7 11. Nc4 O-O-O 12. a4 Nb8 13. Bxd7+ Qxd7 14. Ne5 Qe7 15. a5 a6 16. b4 Qe8 17. Qe2 Nc6 18. Nxc6 Qxc6 19. Rc1 Qb5 20. Rb1 Qxe2+ 21.
Kxe2 g6 22. c4 Rd6 23. h4 Rhd8 24. f4 exf3+ 25. gxf3 c6 26. f4 R6d7 27. h5 Rg8 28.
Rbg1 Rdg7 29. hxg6 Rxg6 30. Rxg6 Rxg6 31. Rxh7 Rg2+ 32.
Kd3 Rb2 33. Kc3 Re2 34. Rh3 Kd7 35. Kd3 Rb2 36. Kc3 Re2 37. d5 cxd5 38. cxd5 exd5 39. Kd4 Kd6 40. Rh6+ Kc7 41. Rh7+ Kd6 42. Rxb7 Kc6 43. Rb6+ Kc7 44. Rxa6 Rb2 45. Rb6 Rd2+ 46. Ke5 Rd3 47. Kxf5 Rxe3 48. b5 d4 49. Rc6+ Kb7 50. Rd6 d3 51.
a6+ Ka7 52. Kg4 Ka8 53. b6 Kb8 54. Rd8# 1-0

[Event "Live Chess"]
[Site "Chess.com"]
[Date "2024.06.02"]
[Round "-"]
[White "juniortay"]
[Black "CheckThis4"]
[Result "0-1"]
[WhiteElo "2369"]
[BlackElo "2698"]
[TimeControl "300"]
[EndTime "2:47:29 PDT"]
[Termination "CheckThis4 won by resignation"]

1. e4 c5 2. Nf3 Nc6 3. b4 e5 4.
b5 Nd4 5. Bc4 d6 6. c3 Ne6 7.
O-O Nf6 8. Re1 Be7 9. d4 Qc7 10. Na3 O-O 11. Qb3 cxd4 12. cxd4 exd4 13. Bb2 Nc5 14.
Qc2 Be6 15. Nxd4 Bxc4 16. Qxc4 Rac8 17. Rac1 Nfd7 18. Nf5 Ne5 19. Bxe5 dxe5 20. Qe2 g6 21.
Ne3 Qa5 22. Nac4 Qxb5 23. Rb1 Qa6 24. Qg4 h5 25. Qf3 Nd3 26. Nd5 Nxe1 27. Nxe7+ Kg7 28.
Rxe1 Rxc4 29. Qg3 Qf6 30. Nd5 h4 31. Qg4 Qe6 32. Qxh4 Qxd5 0-1

[Event "Live Chess"]
[Site "Chess.com"]
[Date "2024.06.02"]
[Round "-"]
[White "Pandreq"]
[Black "LL220284LL"]
[Result "0-1"]
[WhiteElo "1209"]
[BlackElo "2507"]
[TimeControl "300"]
[EndTime "2:47:54 PDT"]
[Termination "LL220284LL won by resignation"]

1. d4 c6 2. c4 g6 3. Nc3 Bg7 4. Nf3 d6 5. Bf4 Nd7 6. e3 Qa5 7. Be2 Rb8 8. Nd2 Ngf6 9. Nb3 Qd8 10. O-O O-O 11. Rc1 e5 12. dxe5 dxe5 13. Bg3 Qe7 14. Bf3 Rd8 15. Qe2 e4 16. Bg4 Nxg4 17. Qxg4 Nf6 18.
Qe2 Ra8 19. Nd4 Bg4 20. Qc2 a6 21. Nde2 Rd3 22. Nf4 Rd7 23. Nce2 Rad8 24. Rfd1 Bf5 25. Rxd7 Rxd7 26. Rd1 Ng4 27. Rxd7 Qxd7 28. b3 Ne5 29. Nd4 Nd3 30. Nxf5 Qxf5 31. Kf1 h5 32. Ke2 h4 33. Bxh4 Nxf4+ 34. exf4 Qg4+ 35. f3 exf3+ 36. gxf3 Qxh4 37. Ke3 Qe1+ 38. Qe2 Bd4+ 39. Kd3 Qxe2+ 40.
Kxe2 Kg7 41. h3 Kf6 42. Kd3 Bg1 43. Ke4 Ke6 44. a3 f5+ 45. Kd3 Bc5 46. b4 Bd6 47. Ke3 b5 48. c5 Bc7 49. h4 Kd5 50. Kd3 Bxf4 51. Kc3 Bg3 52. h5 gxh5 53. Kd3 h4 54.
Ke3 h3 55. Ke2 h2 0-1

[Event "Live Chess"]
[Site "Chess.com"]
[Date "2024.06.02"]
[Round "-"]
[White "A3ndrey9"]
[Black "ZatixMajor"]
[Result "0-1"]
[WhiteElo "1279"]
[BlackElo "2027"]
[TimeControl "300"]
[EndTime "2:48:16 PDT"]
[Termination "ZatixMajor won on time"]

1. Nf3 c5 2. c3 Nc6 3. d4 cxd4 4. Nxd4 g6 5. Nxc6 bxc6 6. e4 Bg7 7. Bf4 Nf6 8. Qc2 d5 9. exd5 cxd5 10. g3 O-O 11. Bg2 Bf5 12. Qe2 Qb6 13. O-O Rfe8 14. b4 e5 15. Bg5 Ne4 16. g4 Nxg5 17. gxf5 e4 18. Qg4 Nf3+ 19. Bxf3 exf3 20. Qxf3 gxf5 21.
Qxf5 Kh8 22. Qxf7 Rg8 23. Kh1 Qh6 24. Rg1 Be5 25. Rxg8+ Rxg8 0-1

[Event "Live Chess"]
[Site "Chess.com"]
[Date "2024.06.02"]
[Round "-"]
[White "GwaryTek"]
[Black "ACM42"]
[Result "0-1"]
[WhiteElo "1883"]
[BlackElo "2153"]
[TimeControl "300"]
[EndTime "2:48:32 PDT"]
[Termination "ACM42 won - game abandoned"]

1. d4 Nf6 2. c4 g6 3. Nc3 Bg7 4. e4 O-O 5. Nge2 d6 6. Ng3 c5 7. d5 a6 8. a4 Nbd7 9. Be2 Qc7 10. O-O e5 11. Be3 h5 12. f3 h4 13. Nh1 Nh5 14. Qd2 Qd8 15. Bg5 Bf6 16. Bh6 Bg7 17. Bg5 Bf6 18. Bh6 Re8 19. a5 b6 20. axb6 Nxb6 21. Be3 Bg7 22. Nf2 f5 23. exf5 gxf5 24. Bg5 Bf6 25.
Bxf6 Qxf6 26. Kh1 Ra7 27. Nd3 Nxc4 28. Qc1 Nb6 29. f4 Ng3+ 30. Kg1 e4 31. Nf2 Nxe2+ 0-1

[Event "Live Chess"]
[Site "Chess.com"]
[Date "2024.06.02"]
[Round "-"]
[White "matt1979"]
[Black "AndyJWise"]
[Result "1-0"]
[WhiteElo "1408"]
[BlackElo "1031"]
[TimeControl "300"]
[EndTime "2:48:53 PDT"]
[Termination "matt1979 won by resignation"]

1. f4 Nf6 2. Nf3 d6 3. Nc3 Bg4 4. e4 e5 5. f5 Nc6 6. Bb5 a6 7. Bxc6+ bxc6 8. O-O d5 9. d3 dxe4 10. dxe4 Qxd1 11. Rxd1 Bxf3 12. gxf3 Bc5+ 13. Kg2 Ke7 14. Bg5 h6 15. Bh4 g5 16. fxg6 fxg6 17. Rd3 g5 18. Bg3 Ke6 19. Rad1 Nh5 20. Rd7 Nf4+ 21. Bxf4 gxf4 22. Rxc7 Rag8+ 23. Kh3 Rg6 24. Rxc6+ Kf7 25. Rxc5 Rhg8 26. Rc7+ Ke8 27. Rc8+ Kf7 28. Rd7+ Ke6 29.
Rxg8 Rxg8 30. Ra7 1-0

[Event "Live Chess"]
[Site "Chess.com"]
[Date "2024.06.02"]
[Round "-"]
[White "defenderalist"]
[Black "DJ_Lambton"]
[Result "0-1"]
[WhiteElo "1522"]
[BlackElo "1786"]
[TimeControl "300"]
[EndTime "2:49:08 PDT"]
[Termination "DJ_Lambton won by resignation"]

1. e4 c6 2. d4 d5 3. Nc3 dxe4 4. Nxe4 Bf5 5. Ng3 Bg6 6. h4 h6 7. Nf3 Nd7 8. Bc4 e6 9. h5 Bh7 10. Be3 Ngf6 11. Qd2 Be7 12. O-O-O Qc7 13. Bf4 Bd6 14. Ne5 Nd5 15. Bxd5 cxd5 16. Ne2 Nxe5 17. dxe5 Bxe5 18. Bxe5 Qxe5 19. f4 Qc7 20. g4 Rc8 21. c3 Be4 22. Rhe1 Qa5 23. a3 O-O 24. g5 hxg5 25. fxg5 Rc4 26. g6 f5 27. h6 Rfc8 28. hxg7 Kxg7 29. Rh1 Kxg6 30. Qh6+ Kf7 31. Qh7+ Kf6 32. Rh6+ Ke5 33.
Qg7+ Kd6 34. Qg3+ Kc6 35. Rxe6+ Kb5 36. Nd4+ Rxd4 37. Rxd4 Rc4 38. Rxc4 Kxc4 39. Qc7+ Qxc7 0-1

[Event "Live Chess"]
[Site "Chess.com"]
[Date "2024.06.02"]
[Round "-"]
[White "upoe610"]
[Black "booktrunk"]
[Result "1-0"]
[WhiteElo "2147"]
[BlackElo "1508"]
[TimeControl "300"]
[EndTime "2:49:11 PDT"]
[Termination "upoe610 won by resignation"]

1. c4 e6 2. g3 Nf6 3. Bg2 h6 4. Nf3 Bc5 5. d4 Bb6 6. Nc3 d6 7. e4 Ba5 8. Qd3 Bxc3+ 9. bxc3 Bd7 10. Rb1 Nc6 11. O-O b6 12. Re1 Qe7 13. d5 Ne5 14. Nxe5 dxe5 15. f4 exf4 16. Bxf4 e5 17. Be3 O-O 18.
Rf1 Ng4 19. Bd2 c6 20. Qf3 cxd5 21. exd5 e4 22. Qxe4 Qc5+ 23. Qd4 Qxd4+ 24. cxd4 Rae8 25. h3 Ne3 26. Bxe3 Rxe3 27. Rf3 Re2 28. Rf2 Re3 29. Kh2 f6 30. c5 bxc5 31. dxc5 Rc8 32. c6 Bf5 33.
Rxf5 1-0

[Event "Live Chess"]
[Site "Chess.com"]
[Date "2024.06.02"]
[Round "-"]
[White "oscalik"]
[Black "JohanKjeldahl"]
[Result "1-0"]
[WhiteElo "2247"]
[BlackElo "1808"]
[TimeControl "300"]
[EndTime "2:49:33 PDT"]
[Termination "oscalik won by resignation"]

1. e4 c5 2. Nc3 e6 3. f4 Nc6 4. Nf3 a6 5. d4 cxd4 6. Nxd4 Qc7 7. Be3 b5 8. a3 Bb7 9. Bd3 Nge7 10. Qe2 g6 11.
Rd1 Bg7 12. Nf3 Rd8 13. e5 O-O 14. Ne4 d5 15. exd6 Qa5+ 16. c3 Nd5 17. Bd2 Qb6 18. Qf2 Qxf2+ 19. Kxf2 h6 20. Rhe1 Bc8 21. b3 f5 22. Nc5 Rxd6 23. c4 bxc4 24. Bxc4 Nd8 25. Ne5 Nb6 26. Bb4 Rxd1 27. Rxd1 Bxe5 28. fxe5 Nxc4 29.
bxc4 Nc6 30. Nxe6 Bxe6 31. Bxf8 Kxf8 32. Rd6 Nxe5 33. Rxe6 Nxc4 34. Rxa6 Kf7 35. a4 1-0

[Event "Live Chess"]
[Site "Chess.com"]
[Date "2024.06.02"]
[Round "-"]
[White "Delacorta"]
[Black "Ninifu"]
[Result "0-1"]
[WhiteElo "1517"]
[BlackElo "2016"]
[TimeControl "300"]
[EndTime "2:49:46 PDT"]
[Termination "Ninifu won by resignation"]

1. d4 Nf6 2. Nf3 g6 3. e3 Bg7 4. Be2 O-O 5. c4 d6 6. Nc3 Nbd7 7. Bd2 e5 8. dxe5 dxe5 9. Qc2 Re8 10. Ne4 Nxe4 11.
Qxe4 Nc5 12. Qc2 Bf5 13. Qc1 Bd3 14. b4 Bxe2 15. Kxe2 Qd3+ 16. Ke1 Ne4 17. Qb2 Rad8 18. Rd1 Qxc4 19. Qb1 Nc3 20. Bxc3 Qxc3+ 21. Nd2 e4 22. Kf1 Rxd2 0-1

[Event "Live Chess"]
[Site "Chess.com"]
[Date "2024.06.02"]
[Round "-"]
[White "Mikhail_Golubev"]
[Black "bill77678"]
[Result "1-0"]
[WhiteElo "2512"]
[BlackElo "1845"]
[TimeControl "300"]
[EndTime "2:50:10 PDT"]
[Termination "Mikhail_Golubev won by resignation"]

1. e4 c6 2. d4 d5 3. Nc3 dxe4 4. Nxe4 Nf6 5. Ng3 h5 6. h3 h4 7. N3e2 Bf5 8. Nf3 e6 9. Nc3 Nd5 10. Bd3 Bxd3 11. Qxd3 Be7 12. Ne4 Nd7 13. O-O Qc7 14. c4 Nf4 15. Bxf4 Qxf4 16. d5 cxd5 17. cxd5 Ne5 18.
Nxe5 Qxe5 19. d6 Rd8 20. Rad1 O-O 21. dxe7 1-0

[Event "Live Chess"]
[Site "Chess.com"]
[Date "2024.06.02"]
[Round "-"]
[White "Bradfield133"]
[Black "Zhevzh1k7"]
[Result "1-0"]
[WhiteElo "1869"]
[BlackElo "1107"]
[TimeControl "300"]
[EndTime "2:50:25 PDT"]
[Termination "Bradfield133 won by checkmate"]

1. c4 Nf6 2. g3 d5 3. cxd5 Nxd5 4. Bg2 Nb6 5. Nf3 Nc6 6. O-O Bf5 7. d3 e6 8. Nc3 Bc5 9. a3 O-O 10. b4 Bd6 11. Nb5 a6 12. Nxd6 Qxd6 13. Bb2 Rad8 14. Qc2 Bg4 15. Rac1 Bxf3 16. Bxf3 Nd4 17. Bxd4 Qxd4 18.
Qxc7 Nd5 19. Qxb7 Ra8 20. Bxd5 Qxd5 21. Qxd5 exd5 22. Rc5 Rfd8 23. Rfc1 d4 24. R1c4 f6 25. Ra5 Kf7 26. Rc6 Rdc8 27. Rcxa6 Rxa6 28. Rxa6 Rc2 29. Kf1 Kg6 30. b5 Rb2 31. b6 Rb5 32. a4 Rb1+ 33.
Kg2 Rb2 34. Kf3 h5 35. a5 Kg5 36. h4+ Kf5 37. Ra7 g5 38. hxg5 fxg5 39. Rf7+ Kg6 40. Rd7 g4+ 41. Kg2 Rxe2 42. b7 Rb2 43. Rd6+ Kf7 44.
Rb6 Ra2 45. b8=Q Rxa5 46. Qf4+ Ke7 47. Qc7+ Ke8 48. Rb8# 1-0

[Event "Live Chess"]
[Site "Chess.com"]
[Date "2024.06.02"]
[Round "-"]
[White "Ferrarifan27"]
[Black "dmitro74"]
[Result "1-0"]
[WhiteElo "2140"]
[BlackElo "1727"]
[TimeControl "300"]
[EndTime "2:50:29 PDT"]
[Termination "Ferrarifan27 won by resignation"]

1. e4 e6 2. d4 d5 3. Nc3 dxe4 4.
Nxe4 Nd7 5. Nf3 Ngf6 6. Bg5 c5 7. dxc5 Bxc5 8. Nxc5 Nxc5 9. Qxd8+ Kxd8 10. O-O-O+ Ke7 11. Bc4 Bd7 12. Rhe1 Bc6 13. Re3 Rhd8 14. Rxd8 Rxd8 15.
g3 h6 16. Bxf6+ gxf6 17. Be2 Ne4 18. Nh4 Kf8 19. f3 Nc5 20. f4 f5 21. Nf3 Ne4 22. Ne5 Be8 23. Rd3 Rxd3 24. Bxd3 Nc5 25. Bf1 f6 26. Nd3 Nxd3+ 27. Bxd3 Bd7 28. Kd2 e5 29.
Ke3 Ke7 30. Bc4 Kd6 31. b4 Bc6 32. Bd3 b5 33. Bxf5 Bd5 34. a3 Ba2 35. Bd3 a6 36. fxe5+ fxe5 37. Ke4 Ke6 38. h4 Bd5+ 39. Ke3 Kf6 40.
g4 Be6 41. Kf3 Bd5+ 42. Be4 Ba2 43. Bb7 Bb1 44. c3 Bd3 45. Bxa6 e4+ 46. Kf4 Be2 47. Bb7 e3 48. g5+ hxg5+ 49. hxg5+ Kg6 50. Be4+ Kh5 51. Kxe3 Bc4 52. g6 Kg5 53. Kd4 Kf6 54. Bd3 Bxd3 55. Kxd3 Kxg6 56. c4 bxc4+ 57. Kxc4 1-0

[Event "Live Chess"]
[Site "Chess.com"]
[Date "2024.06.02"]
[Round "-"]
[White "Crowded_House"]
[Black "StoreySniper"]
[Result "0-1"]
[WhiteElo "1673"]
[BlackElo "2522"]
[TimeControl "300"]
[EndTime "2:50:29 PDT"]
[Termination "StoreySniper won by checkmate"]

1. d4 Nf6 2. Bg5 c5 3. Bxf6 gxf6 4. c3 Qb6 5. Qb3 Bh6 6. Qxb6 axb6 7. e3 Nc6 8. Nf3 e5 9. dxe5 fxe5 10. Bd3 d5 11. Bb5 Bd7 12. Bxc6 bxc6 13. Nxe5 d4 14. Nxd7 Kxd7 15.
cxd4 cxd4 16. exd4 Bc1 17. Nd2 Bxb2 18. Rb1 Rhe8+ 19. Kd1 Bxd4 20. Nf3 Bxf2 21. Ng5 Rxa2 22. Nxh7 Kc7 23. Rf1 Rd8+ 24. Kc1 Be3# 0-1

[Event "Live Chess"]
[Site "Chess.com"]
[Date "2024.06.02"]
[Round "-"]
[White "MagnersCarlsberg2870"]
[Black "TigerTank70"]
[Result "0-1"]
[WhiteElo "1807"]
[BlackElo "2235"]
[TimeControl "300"]
[EndTime "2:50:41 PDT"]
[Termination "TigerTank70 won by resignation"]

1. d4 d5 2. e3 Nf6 3. Bd3 e6 4.
Nd2 c5 5. c3 Nc6 6. f4 cxd4 7.
exd4 Qc7 8. Ndf3 Bd6 9. Ne5 Ne4 10. Qg4 f6 11. Nxc6 bxc6 12. Nf3 Bd7 13. O-O O-O-O 14. c4 h5 15. Qh3 Kb8 16. c5 Be7 17. g3 g5 18. Qg2 h4 19. Qc2 hxg3 20. hxg3 Nxg3 21. Kg2 gxf4 22. Qb3+ Ka8 23. Ba6 Rdg8 24. Bxf4 Ne4+ 25. Ng5 e5 26. dxe5 fxe5 27. Bxe5 Rxg5+ 28. Kf3 Rxe5 0-1